 Dungeon Crawl Stone Soup version 0.23.2 (webtiles) character file.

Game seed: 2540810928583265281

58 Borgoz the Sneak (level 4, -4/37 HPs)
             Began as a Ghoul Assassin on Apr 4, 2019.
             Slain by a gnoll
             ... wielding a +2 spear of distortion
              (20 damage)
             ... on level 1 of the Dungeon.
             The game lasted 00:01:56 (684 turns).

Borgoz the Sneak (Ghoul Assassin)                    Turns: 684, Time: 00:01:57

Health: -4/37      AC:  7    Str: 14    XL:     4   Next: 1%
Magic:  3/3        EV: 11    Int:  7    God:
Gold:   123        SH:  0    Dex: 10    Spells: 3/3 levels left

rFire    . . .     SeeInvis .   a - +2 dagger
rCold    + . .     Gourm    .   (no shield)
rNeg     + + +     Faith    .   m - +0 ring mail
rPois    ∞         Spirit   .   o - +0 helmet
rElec    .         Reflect  .   d - +0 cloak
rCorr    .         Harm     .   (no gloves)
MR       .....                  (no boots)
Stlth    ++........             (no amulet)
HPRegen  0.00/turn              (no ring)
MPRegen  0.08/turn              (no ring)

@: rotting
A: rotting body, claws 1, carnivore, cold resistance 1, negative energy
resistance 3, inhibited regeneration, torment resistance, unbreathing
a: no special abilities


You were on level 1 of the Dungeon.
You were not hungry.

You visited 1 branch of the dungeon, and saw 2 of its levels.

You collected 123 gold pieces.

Inventory:

Hand Weapons
 a - a +2 dagger (weapon)
 b - a +0 blowgun
Missiles
 e - 5 poisoned needles
 f - 2 curare-tipped needles
Armour
 d - a +0 cloak (worn)
 m - a +0 ring mail (worn)
 o - a +0 helmet (worn)
Scrolls
 c - a scroll of enchant weapon {unknown}
 h - a scroll of teleportation {unknown}
 n - a scroll of enchant armour {unknown}
 p - a scroll of remove curse {unknown}
Potions
 i - a potion of mutation {unknown}
 j - a potion of heal wounds
 q - a potion of lignification
Comestibles
 g - 6 rations
 k - 3 chunks of flesh


   Skills:
 + Level 2.5 Fighting
 * Level 2.3 Short Blades
 - Level 1.7 Throwing
 * Level 1.4 Armour
 * Level 1.8 Dodging
 + Level 4.6 Stealth


You had 3 spell levels left.
You didn't know any spells.
Your spell library was empty.

Dungeon Overview and Level Annotations

Branches:
Dungeon (2/15)

Altars:


Innate Abilities, Weirdness & Mutations

Your body is rotting away.
You thrive on raw meat.
You are immune to poison.
You have sharp fingernails.
You are carnivorous and can eat meat at any time.
Your flesh is cold resistant. (rC+)
You are immune to negative energy. (rN+++)
You do not regenerate when monsters are visible.
You are immune to unholy pain and torment.
You can survive without breathing.


Message History

The gnoll is poisoned.
The gnoll is moderately wounded.
Firing (i - inventory. (/) - cycle)
e - 7 poisoned needles (quivered)
Press: ? - help, Shift-Dir - straight line, f/p - gnoll
Aim: a gnoll, wielding a +2 spear of distortion (moderately wounded, poisoned)
You shoot a poisoned needle. The poisoned needle hits the gnoll.
The gnoll looks even sicker.
The gnoll is moderately wounded.
Firing (i - inventory. (/) - cycle)
e - 6 poisoned needles (quivered)
Press: ? - help, Shift-Dir - straight line, f/p - gnoll
Aim: a gnoll, wielding a +2 spear of distortion (heavily wounded, poisoned)
You shoot a poisoned needle.
The poisoned needle closely misses the gnoll.
a - a +2 dagger (weapon)
The gnoll hits you from afar with a +2 spear of distortion.
Space bends around you. The gnoll barely misses you.
The gnoll hits you but does no damage. Space warps horribly around you!!
Ouch! That really hurt!
You die...

## .# .# ###### .#
#....############ .#
#....##(........# .#
#....##>(.g.....# [#
##....##.........#
.#####.....##...@...>.#
.##........##.###.#####
..(.###.......# #.#
..####....###.###.#
..###..#### #..##.#
......########.########
..#.)###...###...#..#.##
(.#.##.......##...(....#
....#.........###.##..##


You could see a gnoll.

Vanquished Creatures
  2 gnolls (D:1)
  An ooze (D:1)
  2 dart slugs (D:1)
  A leopard gecko (D:1)
  3 bats (D:1)
  2 giant cockroaches (D:1)
  3 goblins (D:1)
  A hobgoblin (D:1)
  4 jackals (D:1)
  3 frilled lizards (D:1)
  3 kobolds (D:1)
  3 rats (D:1)
28 creatures vanquished.

Notes
Turn   | Place    | Note
-------+----------+-------------------------------------------
     0 | D:1      | Borgoz the Ghoul Assassin began the quest for the Orb.
     0 | D:1      | Reached XP level 1. HP: 17/17 MP: 0/0
    57 | D:1      | Reached skill level 1 in Dodging
    67 | D:1      | Reached XP level 2. HP: 24/24 MP: 1/1
   404 | D:1      | Reached skill level 1 in Armour
   417 | D:1      | Reached XP level 3. HP: 26/30 MP: 2/2
   671 | D:1      | Reached XP level 4. HP: 37/37 MP: 3/3
   684 | D:1      | Slain by a gnoll

Skill      XL: |  1  2 |
---------------+-------+-----
Dodging        | 1 |  1.8
Short Blades   | 2 |  2.3
Armour         | 1 |  1.4
Fighting       | |  2.5
Throwing       | |  1.7
Stealth        | |  4.6

Action                   |  1- 3 |  4- 6 || total
-------------------------+-------+-------++-------
Melee: Dagger            |    96 |     1 ||    97
 Fire: Blowgun           |       |     3 ||     3
  Use: Potion            |     3 |       ||     3
 Stab: Sleeping          |     5 |       ||     5
  Eat: Chunk             |     3 |       ||     3
Armor: Robe              |     2 |       ||     2
       Ring mail         |    43 |     2 ||    45
Dodge: Dodged            |    51 |     2 ||    53
